NWL (28 & UNDER)
RED DEER WRANGLERS @ SAN DIEGO SMASHERS
07/20/2030
 
TOP OF THE 1ST
Red Deer Wranglers batting - Pitching for San Diego Smashers : LHP José Hernando
Pitching: LHP José Hernando
Batting: RHB Art Cameron 0-0: Ball
1-0: SINGLE (Line Drive, 6MD)
Batting: RHB Julián García 0-0: Ball
1-0: Foul Ball, location: 2F
1-1: Ball
2-1: Foul Ball, location: 2F
2-2: Ball
3-2: Strikes out swinging
Batting: RHB Steve Burton 0-0: Foul Ball, location: 2F
0-1: Ball
1-1: Called Strike
Pickoff Throw by Catcher to First - Error! E2
Art Cameron to second
1-2: Ball
2-2: Ball
3-2: Fly out, F9 (Flyball, 9)
Batting: RHB Rijk de Rade 0-0: Ground out 5-3 (Groundball, 5S)
Top of the 1st over - 0 runs, 1 hit, 1 error, 1 left on base; Red Deer 0 - San Diego 0
BOTTOM OF THE 1ST
San Diego Smashers batting - Pitching for Red Deer Wranglers : RHP Sloan Numbers
Pitching: RHP Sloan Numbers
Batting: RHB Gerald Davis 0-0: Called Strike
0-1: Ball
1-1: Ball
2-1: SINGLE (Groundball, 34D)
Batting: LHB Richard Brooks 0-0: Called Strike
0-1: Ball
1-1: Ball
2-1: Called Strike
2-2: Ball
3-2: DOUBLE (Line Drive, 9LS)
Gerald Davis to third
Batting: LHB Steven Smith 0-0: Foul Ball, location: 2F
0-1: Ball
1-1: Swinging Strike
1-2: DOUBLE (Line Drive, 89XD)
Gerald Davis scores
Richard Brooks scores
Batting: LHB Jon Rogers 0-0: Foul Ball, location: 2F
0-1: Ball
1-1: Foul Ball, location: 2F
1-2: Fly out, F7 (Flyball, 7)
Batting: RHB Ray Rogers 0-0: Called Strike
0-1: Foul Ball, location: 2F
0-2: Ground out 6-3 (Groundball, 6)
Batting: LHB Nick Hill 0-0: Called Strike
0-1: Ball
1-1: Called Strike
1-2: Strikes out swinging, 2-3 out at first.
Bottom of the 1st over - 2 runs, 3 hits, 0 errors, 1 left on base; Red Deer 0 - San Diego 2
TOP OF THE 2ND
Red Deer Wranglers batting - Pitching for San Diego Smashers : LHP José Hernando
Batting: LHB Rubén Salazar 0-0: Ball
1-0: Called Strike
1-1: Foul Ball, location: 2F
1-2: Ball
2-2: Ball
3-2: Foul Ball, location: 2F
3-2: SINGLE (Groundball, 4MD)
Batting: RHB Allen Brown 0-0: Ball
1-0: Ball
2-0: Called Strike
2-1: Ball
Rubén Salazar is caught stealing 2nd base
3-1: Base on Balls
Batting: SHB Mathew Olson 0-0: Called Strike
0-1: Called Strike
0-2: Fly out, F5 (Popup, 56S)
Batting: LHB Francisco Blanco 0-0: Ball
1-0: Ball
2-0: Reached on error, E7 (Flyball, 78M)
Allen Brown to third
Batting: RHB Valentín Reyes 0-0: Ball
1-0: Ground out 3-1 (Groundball, 34S)
Top of the 2nd over - 0 runs, 1 hit, 1 error, 2 left on base; Red Deer 0 - San Diego 2
BOTTOM OF THE 2ND
San Diego Smashers batting - Pitching for Red Deer Wranglers : RHP Sloan Numbers
Batting: RHB Ramón Ramírez 0-0: Ball
1-0: Ball
2-0: Fly out, F8 (Flyball, 8LS)
Batting: LHB Ryan Rheaume 0-0: Ground out 1-3 (Groundball, 15S)
Batting: RHB Sean Smith 0-0: Called Strike
0-1: Foul Ball, location: 2F
0-2: Ball
1-2: Fly out, F3 (Flyball, 3D)
Bottom of the 2nd over - 0 runs, 0 hits, 0 errors, 0 left on base; Red Deer 0 - San Diego 2
TOP OF THE 3RD
Red Deer Wranglers batting - Pitching for San Diego Smashers : LHP José Hernando
Batting: RHB Art Cameron 0-0: Called Strike
0-1: Swinging Strike
0-2: Ball
1-2: Ball
2-2: Ground out 4-3 (Groundball, 4D)
Batting: RHB Julián García 0-0: Ball
1-0: Swinging Strike
1-1: Fly out, F4 (Popup, 34)
Batting: RHB Steve Burton 0-0: Foul Ball, location: 2F
0-1: Foul Ball, location: 2F
0-2: Strikes out swinging
Top of the 3rd over - 0 runs, 0 hits, 0 errors, 0 left on base; Red Deer 0 - San Diego 2
BOTTOM OF THE 3RD
San Diego Smashers batting - Pitching for Red Deer Wranglers : RHP Sloan Numbers
Batting: RHB Gerald Davis 0-0: Foul Ball, location: 2F
0-1: Ball
1-1: Ball
2-1: Foul Ball, location: 2F
2-2: SINGLE (Line Drive, 5D)
Batting: LHB Richard Brooks 0-0: SINGLE (Line Drive, 4M)
Gerald Davis to second
Batting: LHB Steven Smith 0-0: Ball
1-0: Called Strike
1-1: Foul Ball, location: 2F
1-2: Foul Ball, location: 2F
1-2: Foul Ball, location: 2F
1-2: Ball
2-2: Ball
3-2: Grounds into double play, 4-6-3 (Groundball, 4)
Gerald Davis to third
Batting: LHB Jon Rogers 0-0: Foul Ball, location: 2F
0-1: Ball
1-1: Called Strike
1-2: Foul Ball, location: 2F
1-2: Foul Ball, location: 2F
1-2: Hit by Pitch
Batting: RHB Ray Rogers 0-0: Ball
1-0: Called Strike
1-1: Ball
2-1: Foul Ball, location: 2F
2-2: Foul Ball, location: 2F
2-2: Strikes out swinging
Bottom of the 3rd over - 0 runs, 2 hits, 0 errors, 2 left on base; Red Deer 0 - San Diego 2
TOP OF THE 4TH
Red Deer Wranglers batting - Pitching for San Diego Smashers : LHP José Hernando
Batting: RHB Rijk de Rade 0-0: Ball
1-0: Ground out 1-3 (Groundball, 13)
Batting: LHB Rubén Salazar 0-0: Ball
1-0: Called Strike
1-1: Swinging Strike
1-2: Strikes out swinging
Batting: RHB Allen Brown 0-0: SINGLE (Line Drive, 7S)
Batting: SHB Mathew Olson 0-0: Ball
1-0: Foul Ball, location: 2F
1-1: Ground out 6-3 (Groundball, 6M)
Top of the 4th over - 0 runs, 1 hit, 0 errors, 1 left on base; Red Deer 0 - San Diego 2
BOTTOM OF THE 4TH
San Diego Smashers batting - Pitching for Red Deer Wranglers : RHP Sloan Numbers
Batting: LHB Nick Hill 0-0: Ball
1-0: Ball
2-0: Ball
3-0: Foul Ball, location: 2F
3-1: Called Strike
3-2: Foul Ball, location: 2F
3-2: SINGLE (Groundball, 6MD)
Batting: RHB Ramón Ramírez 0-0: Called Strike
0-1: Ball
1-1: Ball
2-1: Swinging Strike
2-2: Strikes out swinging
Batting: LHB Ryan Rheaume 0-0: Fielders Choice at 2nd, 6-4 (Groundball, 6)
Batting: RHB Sean Smith 0-0: Foul Ball, location: 2F
0-1: Ball
1-1: Ball
2-1: Called Strike
Ryan Rheaume steals 2nd base
2-2: Ball
3-2: Base on Balls
Batting: RHB Gerald Davis 0-0: Ball
1-0: Reached on error, E4 (Groundball, 4M)
Ryan Rheaume to third
Sean Smith to second
Batting: LHB Richard Brooks 0-0: Called Strike
0-1: Ball
1-1: Foul Ball, location: 2F
1-2: Foul Ball, location: 2F
1-2: Ball
2-2: Strikes out swinging
Bottom of the 4th over - 0 runs, 1 hit, 1 error, 3 left on base; Red Deer 0 - San Diego 2
TOP OF THE 5TH
Red Deer Wranglers batting - Pitching for San Diego Smashers : LHP José Hernando
Batting: LHB Francisco Blanco 0-0: Ball
1-0: Called Strike
1-1: Foul Ball, location: 2F
1-2: Ball
2-2: Fly out, F8 (Line Drive, 8LD)
Batting: RHB Valentín Reyes 0-0: Called Strike
0-1: Ball
1-1: Ball
2-1: Called Strike
2-2: Ball
3-2: Base on Balls
Batting: RHB Art Cameron 0-0: Ball
1-0: Foul Ball, location: 2F
1-1: Ball
2-1: Ball
3-1: Called Strike
3-2: Strikes out swinging
Batting: RHB Julián García 0-0: Called Strike
0-1: SINGLE (Line Drive, 3)
Valentín Reyes to second
Batting: RHB Steve Burton 0-0: Ball
1-0: Fly out, F8 (Flyball, 8RM)
Top of the 5th over - 0 runs, 1 hit, 0 errors, 2 left on base; Red Deer 0 - San Diego 2
BOTTOM OF THE 5TH
San Diego Smashers batting - Pitching for Red Deer Wranglers : RHP Sloan Numbers
Batting: LHB Steven Smith 0-0: Ball
1-0: Ball
2-0: Ball
3-0: Base on Balls
Batting: LHB Jon Rogers 0-0: Ball
1-0: Swinging Strike
1-1: Foul Ball, location: 2F
1-2: Foul Ball, location: 2F
1-2: Foul Ball, location: 2F
1-2: Ball
2-2: Ball
3-2: Base on Balls
Steven Smith to second
Pitching: RHP César Amaya
Batting: RHB Ray Rogers 0-0: Called Strike
0-1: SINGLE (Flyball, 89S)
Steven Smith to third
Jon Rogers to second
Batting: LHB Nick Hill 0-0: Swinging Strike
0-1: Called Strike
0-2: Foul Ball, location: 2F
0-2: Foul Ball, location: 2F
0-2: Strikes out looking
Batting: RHB Ramón Ramírez 0-0: Ball
1-0: Ball
2-0: Ball
3-0: Called Strike
3-1: Base on Balls
Steven Smith scores
Jon Rogers to third
Ray Rogers to second
Batting: LHB Ryan Rheaume 0-0: Fly out, F8 (Flyball, 89M)
Runner from 3rd tags up, SCORES, no throw
Batting: RHB Sean Smith 0-0: Called Strike
0-1: Ball
1-1: Ball
2-1: Fly out, F2 (Popup, 23F)
Bottom of the 5th over - 2 runs, 1 hit, 0 errors, 2 left on base; Red Deer 0 - San Diego 4
TOP OF THE 6TH
Red Deer Wranglers batting - Pitching for San Diego Smashers : LHP José Hernando
Batting: RHB Rijk de Rade 0-0: Ball
1-0: Ground out 3-1 (Groundball, 34S)
Batting: LHB Rubén Salazar 0-0: Ball
1-0: Fly out, F8 (Flyball, 8RD)
Batting: RHB Allen Brown 0-0: Ball
1-0: Reached on error, E6 (Groundball, 6)
Batting: SHB Mathew Olson 0-0: Ball
1-0: Ball
2-0: Called Strike
2-1: Foul Ball, location: 2F
2-2: Foul Ball, location: 2F
2-2: Ball
3-2: Base on Balls
Batting: LHB Francisco Blanco 0-0: Called Strike
0-1: Ground out U3 (Groundball, 3)
Top of the 6th over - 0 runs, 0 hits, 1 error, 2 left on base; Red Deer 0 - San Diego 4
BOTTOM OF THE 6TH
San Diego Smashers batting - Pitching for Red Deer Wranglers : RHP César Amaya
Batting: RHB Gerald Davis 0-0: Ball
1-0: SINGLE (Groundball, 5) (infield hit)
Batting: LHB Richard Brooks 0-0: Ball
1-0: SINGLE (Line Drive, 34D)
Gerald Davis to second
Batting: LHB Steven Smith 0-0: Ball
1-0: Ball
2-0: Called Strike
2-1: Called Strike
2-2: Ball
3-2: Foul Ball, location: 2F
3-2: Foul Ball, location: 2F
3-2: Base on Balls
Gerald Davis to third
Richard Brooks to second
Batting: LHB Jon Rogers 0-0: Ball
1-0: Ball
2-0: Called Strike
2-1: TRIPLE (Line Drive, 89XD)
Gerald Davis scores
Richard Brooks scores
Steven Smith scores
Batting: RHB Ray Rogers 0-0: SINGLE (Line Drive, 7LM)
Jon Rogers scores
Batting: LHB Nick Hill 0-0: Ball
1-0: Ball
2-0: Swinging Strike
2-1: Called Strike
2-2: Strikes out swinging
Batting: RHB Ramón Ramírez 0-0: Ball
1-0: Swinging Strike
1-1: Foul Ball, location: 2F
1-2: Ball
2-2: Ball
3-2: Foul Ball, location: 2F
3-2: Base on Balls
Ray Rogers to second
Batting: LHB Ryan Rheaume 0-0: Ball
1-0: Ball
2-0: Called Strike
2-1: Foul Ball, location: 2F
2-2: Ball
3-2: Base on Balls
Ray Rogers to third
Ramón Ramírez to second
Batting: RHB Sean Smith 0-0: Ball
1-0: Called Strike
1-1: Ball
2-1: Foul Ball, location: 2F
2-2: Fly out, F3 (Flyball, 3D)
Batting: RHB Gerald Davis 0-0: Ball
1-0: Called Strike
1-1: Foul Ball, location: 2F
1-2: Fly out, F8 (Flyball, 8LM)
Bottom of the 6th over - 4 runs, 4 hits, 0 errors, 3 left on base; Red Deer 0 - San Diego 8
TOP OF THE 7TH
Red Deer Wranglers batting - Pitching for San Diego Smashers : LHP José Hernando
Batting: RHB Valentín Reyes 0-0: Called Strike
0-1: Ball
1-1: Foul Ball, location: 2F
1-2: Strikes out swinging
Batting: RHB Art Cameron 0-0: Foul Ball, location: 2F
0-1: Ball
1-1: SINGLE (Groundball, 2L) (infield hit)
Batting: RHB Julián García 0-0: Ball
Art Cameron steals 2nd base
1-0: Foul Ball, location: 2F
1-1: Ball
Wild Pitch!
Art Cameron to third
2-1: Foul Ball, location: 2F
2-2: Foul Ball, location: 2F
2-2: SINGLE (Line Drive, 7S)
Art Cameron scores
Batting: RHB Steve Burton 0-0: Swinging Strike
0-1: Swinging Strike
0-2: Strikes out swinging
Pitching: RHP Andrés Franco
Batting: RHB Rijk de Rade 0-0: Called Strike
0-1: Called Strike
0-2: Ball
1-2: Strikes out swinging
Top of the 7th over - 1 run, 2 hits, 0 errors, 1 left on base; Red Deer 1 - San Diego 8
BOTTOM OF THE 7TH
San Diego Smashers batting - Pitching for Red Deer Wranglers : RHP César Amaya
Batting: LHB Richard Brooks 0-0: Called Strike
0-1: Ball
1-1: Swinging Strike
1-2: Ball
2-2: Strikes out looking
Batting: LHB Steven Smith 0-0: Fly out, F5 (Popup, 25)
Batting: LHB Jon Rogers 0-0: Called Strike
0-1: Ball
1-1: Ball
2-1: Ground out 4-3 (Groundball, 4S)
Bottom of the 7th over - 0 runs, 0 hits, 0 errors, 0 left on base; Red Deer 1 - San Diego 8
TOP OF THE 8TH
Red Deer Wranglers batting - Pitching for San Diego Smashers : RHP Andrés Franco
Batting: LHB Rubén Salazar 0-0: Ball
1-0: Ball
2-0: Foul Ball, location: 2F
2-1: Ball
3-1: Called Strike
3-2: Ground out 1-6-3 (Groundball, 15S)
Batting: RHB Allen Brown 0-0: Called Strike
0-1: Ball
1-1: Ball
2-1: Ball
3-1: Fly out, F6 (Line Drive, 6)
Batting: SHB Mathew Olson 0-0: Called Strike
0-1: Swinging Strike
0-2: Strikes out looking
Top of the 8th over - 0 runs, 0 hits, 0 errors, 0 left on base; Red Deer 1 - San Diego 8
BOTTOM OF THE 8TH
San Diego Smashers batting - Pitching for Red Deer Wranglers : RHP César Amaya
Batting: RHB Ray Rogers 0-0: Ball
1-0: Fly out, F6 (Popup, 6D)
Batting: LHB Nick Hill 0-0: Called Strike
0-1: Ball
1-1: Ball
2-1: Foul Ball, location: 2F
2-2: Ball
3-2: Strikes out swinging
Batting: RHB Ramón Ramírez 0-0: Ball
1-0: Swinging Strike
1-1: Ball
2-1: Swinging Strike
2-2: Strikes out swinging
Bottom of the 8th over - 0 runs, 0 hits, 0 errors, 0 left on base; Red Deer 1 - San Diego 8
TOP OF THE 9TH
Red Deer Wranglers batting - Pitching for San Diego Smashers : RHP Andrés Franco
Batting: LHB Francisco Blanco 0-0: Foul Ball, location: 2F
0-1: Foul Ball, location: 2F
0-2: Foul Ball, location: 2F
0-2: Ball
1-2: Ball
2-2: Ground out 6-3 (Groundball, 6M)
Batting: RHB Valentín Reyes 0-0: SINGLE (Groundball, 56D)
Batting: RHB Art Cameron 0-0: Ball
1-0: Called Strike
1-1: Swinging Strike
1-2: Ball
2-2: Strikes out swinging
Batting: RHB Julián García 0-0: Called Strike
0-1: Swinging Strike
0-2: Ball
1-2: Foul Ball, location: 2F
1-2: SINGLE (Groundball, 4MD)
Valentín Reyes to second
Batting: RHB Steve Burton 0-0: Foul Ball, location: 2F
0-1: Fly out, F8 (Flyball, 8LM)
Top of the 9th over - 0 runs, 2 hits, 0 errors, 2 left on base; Red Deer 1 - San Diego 8
Saturday, April 7th, 2018 - OOTP Baseball 18.8 Build 76